 Dungeon Crawl Stone Soup version 0.27.1-35-g4d5d836560 (webtiles) character file.

Game seed: 1824050175330195812

119 Delamore the Sneak (level 5, -1/36 HPs)
             Began as an Octopode Brigand on June 10, 2022.
             Was an Initiate of Gozag.
             Slain by a wyvern zombie (3 damage)
             ... on level 3 of the Dungeon.
             The game lasted 00:02:15 (1979 turns).

Delamore the Sneak (Octopode Brigand)               Turns: 1979, Time: 00:02:15

Health: -1/36      AC:  1    Str: 10    XL:     5   Next: 3%
Magic:  5/5        EV: 13    Int: 13    God:    Gozag
Gold:   129        SH:  0    Dex: 15    Spells: 4/4 levels left

rFire    + . .     SeeInvis .   d - +0 dagger (speed)
rCold    . . .     Faith    .   (no shield)
rNeg     . . .     Spirit   .   (helmet restricted)
rPois    .         Reflect  .   (no amulet)
rElec    .         Harm     .   g - ring of protection from fire
rCorr    .         Rampage  .   (no ring)
Will     .....                  (no ring)
Stlth    ++++......             (no ring)
HPRegen  0.12/turn              (no ring)
MPRegen  0.09/turn              (no ring)
                                (no ring)
                                (no ring)

@: no status effects
A: almost no armour, amphibious, 8 rings, camouflage 1, gelatinous body 1,
(nimble swimmer 1), tentacles
a: Renounce Religion, Potion Petition, Call Merchant, Bribe Branch


You were on level 3 of the Dungeon.
You worshipped Gozag.
Gozag was aware of your devotion.
You visited 1 branch of the dungeon, and saw 3 of its levels.

You collected 155 gold pieces.
You paid 26 gold pieces to Gozag.

Inventory:

Hand Weapons
 a - a +2 dagger
 d - a +0 dagger of speed (weapon)
Missiles
 b - 8 poisoned darts
 c - 2 curare-tipped darts
 i - 130 stones (quivered)
 l - 8 datura-tipped darts
Jewellery
 g - a ring of protection from fire (left tentacle)
Scrolls
 e - a scroll of enchant weapon {unknown}
 f - a scroll of enchant armour {unknown}
Potions
 h - a potion of brilliance {unknown}
 j - a potion of berserk rage {unknown}
 k - a potion of might {unknown}
 m - a potion of curing {unknown}
 n - a potion of ambrosia {unknown}


   Skills:
 + Level 2.8 Fighting
 - Level 2.0 Short Blades
 * Level 4.1 Throwing
 + Level 1.9 Dodging
 - Level 5.3 Stealth


You had 4 spell levels left.
You didn't know any spells.
Your spell library contained the following spells:

 Spells                   Type           Power      Damage    Failure   Level
 Metabolic Englaciation   Hex/Ice        0%         N/A       100%        5
 Summon Mana Viper        Hex/Summ       0%         N/A       100%        5


Dungeon Overview and Level Annotations

Branches:
Dungeon (3/15)

Altars:
Gozag


Innate Abilities, Weirdness & Mutations

You cannot wear most types of armour.
You are amphibious.
You can wear up to eight rings at the same time.
Your skin changes colour to match your surroundings (Stealth+).
Your rubbery body absorbs attacks. (AC +1, EV +1)
((You are camouflaged near water. (Stealth+)))
You have tentacles for arms and can constrict up to eight enemies at once.


Message History

The wyvern zombie is lightly damaged.
You hit the wyvern zombie but do no damage.
The wyvern zombie is lightly damaged.
The wyvern zombie is distracted by your dazzling golden aura.
You hit the wyvern zombie.
The wyvern zombie is no longer distracted by gold.
You squeeze the wyvern zombie!
The wyvern zombie is moderately damaged.
The wyvern zombie barely misses you.
You hit the wyvern zombie. You squeeze the wyvern zombie!
The wyvern zombie is heavily damaged.
The wyvern zombie completely misses you.
You barely miss the wyvern zombie.
The wyvern zombie is heavily damaged.
You completely miss the wyvern zombie. You squeeze the wyvern zombie!
The wyvern zombie is severely damaged.
The wyvern zombie bites you!
You hit the wyvern zombie.
The wyvern zombie is almost destroyed.
The wyvern zombie closely misses you.
You hit the wyvern zombie but do no damage.
The wyvern zombie is almost destroyed.
The wyvern zombie bites you!
You are too injured to fight recklessly!
You are too injured to fight recklessly!
You are too injured to fight recklessly!
You barely miss the wyvern zombie.
The wyvern zombie is almost destroyed.
You barely miss the wyvern zombie.
The wyvern zombie is almost destroyed.
The wyvern zombie bites you.
You hit the wyvern zombie. You squeeze the wyvern zombie.
The wyvern zombie is almost destroyed.
The wyvern zombie bites you!
* * * LOW HITPOINT WARNING * * *
You hit the wyvern zombie but do no damage.
The wyvern zombie is almost destroyed.
The wyvern zombie bites you.
You die...
Your body crumbles into a pile of gold.

##............#
#....##.##.##.#
..........<##.#
#..........##.#
#..........##.#
#.............######
#.........####.....####.
##'##.....#........(.(((
##'##.....#.....@Z((....
..........##.......###..
.....####.##........#
.....# .##........#
.....# .##?.........
.....####.##..#####.##.
.........>..... .. .
.#.)........... ...
.#........##.#


You could see a wyvern zombie.

Vanquished Creatures
  4 gnolls
  2 adders (D:2)
  3 worms
  3 dart slugs
  An orc (D:3)
  2 endoplasms (D:1)
  2 giant cockroaches
  3 goblins
  3 hobgoblins
  6 jackals (D:1)
  6 kobolds
  A quokka (D:1)
  5 ball pythons
  4 bats
  2 frilled lizards
  3 rats
50 creatures vanquished.

Notes
Turn   | Place    | Note
-------+----------+-------------------------------------------
     0 | D:1      | Delamore the Octopode Brigand began the quest for the Orb.
     0 | D:1      | Reached XP level 1. HP: 14/14 MP: 1/1
   115 | D:1      | Reached XP level 2. HP: 19/19 MP: 2/2
   196 | D:1      | Got the Catalogue of Enchantment
   504 | D:1      | Reached XP level 3. HP: 25/25 MP: 3/3
  1012 | D:2      | Reached XP level 4. HP: 26/30 MP: 4/4
  1563 | D:2      | Found an opulent altar of Gozag.
  1582 | D:2      | Became a worshipper of Gozag Ym Sagoz the Greedy
  1902 | D:3      | Reached XP level 5. HP: 36/36 MP: 5/5
  1979 | D:3      | Slain by a wyvern zombie

Illustrated notes

Levels and vault maps discovered:
D:1:      minmay_arrival_radiant_lines, layout_basic
D:2:      layout_basic, basic_altar
D:3:      minmay_skewed_foursquare, layout_basic, okawaru_ov_weapons_minmay,
          nicolae_qazlal_style_of_elements

Skill      XL: |  1  2  3  4 |
---------------+-------------+-----
Throwing       | 3 4 |  4.1
Fighting       | |  2.8
Short Blades   | |  2.0
Dodging        | |  1.9
Stealth        | |  5.3

Action                   |  1- 3 |  4- 6 || total
-------------------------+-------+-------++-------
Melee: Dagger            |    63 |    35 ||    98
       Tentacles         |    12 |     6 ||    18
       Constrict         |    14 |     6 ||    20
Throw: Stone             |    50 |    40 ||    90
       Dart              |     4 |     4 ||     8
 Stab: Sleeping          |     5 |     3 ||     8
Armor: Skin              |     5 |     1 ||     6
Dodge: Dodged            |    30 |    15 ||    45
